 Dungeon Crawl Stone Soup version 0.21-a0-113-g6841d05 (webtiles) character file.

382622 Geomchi the Eclecticist (level 21, 71/132 HPs)
             Began as a Deep Elf Fire Elementalist on Feb 25, 2017.
             Was the Champion of Vehumet.
             Quit the game on level 1 of the Abyss on July 12, 2017.
             The game lasted 02:23:48 (56385 turns).

Geomchi the Eclecticist (DEFE)                     Turns: 56385, Time: 02:23:49

Health: 71/132     AC: 17    Str:  8    XL:     21   Next: 93%
Magic:  11/56      EV: 27    Int: 36    God:    Vehumet [******]
Gold:   3538       SH:  6    Dex: 15    Spells: 19/60 levels left

rFire    + . .     SeeInvis .   L - staff of wizardry
rCold    + . .     Gourm    .   e - +0 buckler
rNeg     . . .     Faith    .   t - +0 troll leather armour
rPois    .         Spirit   .   V - +2 hat {Int+3}
rElec    +         Reflect  .   F - +1 cloak of Starlight {rElec rC+ EV+4 Stlth--}
rCorr    .         Harm     .   y - +2 pair of gloves {Str+3}
MR       ++...     Clarity  +   i - +1 pair of boots {Stlth+}
Stlth    +.........             O - amulet of magic regeneration
HPRegen  1.72/turn              P - ring of magical power
MPRegen  0.60/turn              u - ring of protection from fire

@: regenerating
A: rugged brown scales 1, clarity, clever 1, MP-powered wands
}: 2/15 runes: decaying, gossamer
a: Renounce Religion


You were on level 1 of the Abyss.
You worshipped Vehumet.
Vehumet was exalted by your worship.
You were not hungry.

You visited 8 branches of the dungeon, and saw 40 of its levels.
You visited the Abyss 2 times.
You also visited: Ice Cave.

You collected 4066 gold pieces.
You spent 528 gold pieces at shops.

Inventory:

Hand Weapons
 q - the +5 trident "Teyq" {drain, Int+7 Stlth+}
   (You found it on level 6 of the Lair of Beasts)

   A truly terrible weapon, it drains the life of those it strikes.
   It affects your intelligence (+7).
   It makes you more stealthy.
 T - the +2 scimitar of Unreason {freeze, +Fly rF+ rC+ Str-4}
   (You bought it in a shop on level 12 of the Dungeon)

   It has been specially enchanted to freeze those struck by it, causing extra
   injury to most foes and up to half again as much damage against particularly
   susceptible opponents.
   It can also slow down cold-blooded creatures.
   It affects your strength (-4).
   It protects you from fire.
   It protects you from cold.
   It lets you fly.
 Z - the cursed +2 rapier of a sewer {freeze, rC+++ MR+++ Int-3 Dex-3}
   (You found it on level 1 of the Swamp)

   It has been specially enchanted to freeze those struck by it, causing extra
   injury to most foes and up to half again as much damage against particularly
   susceptible opponents.
   It can also slow down cold-blooded creatures.
   It affects your intelligence (-3).
   It affects your dexterity (-3).
   It renders you almost immune to cold.
   It affects your resistance to hostile enchantments.
   It has a curse placed upon it.
Armour
 e - a +0 buckler (worn)
 i - a +1 pair of boots of stealth (worn)
 r - a +0 shield of protection
 t - a +0 troll leather armour (worn)
 y - a +2 pair of gloves of strength (worn)
 F - the +1 cloak of Starlight (worn) {rElec rC+ EV+4 Stlth--}
   (You found it on level 5 of the Lair of Beasts)

   It affects your evasion (+4).
   It protects you from cold.
   It insulates you from electricity.
   It makes you much less stealthy.
 V - a +2 hat of intelligence (worn)
Magical Staves
 o - an uncursed staff of fire
 L - an uncursed staff of wizardry (weapon)
Jewellery
 g - an uncursed ring of poison resistance
 u - a ring of protection from fire (right hand)
 G - an uncursed ring of see invisible
 O - an amulet of magic regeneration (around neck)
 P - a ring of magical power (left hand)
 Q - an uncursed ring of resist corrosion
 S - an uncursed ring of protection from magic
Wands
 J - a wand of lightning (10/15)
 M - a wand of digging (5/24)
 R - a wand of scattershot (4/9)
 U - a wand of digging (12/24)
 Y - a wand of acid (2/15)
Scrolls
 d - a scroll of identify
 h - 2 scrolls of blinking
 j - 7 scrolls of magic mapping
 k - 5 scrolls of teleportation
 l - 5 scrolls of recharging
 m - 12 scrolls of remove curse
 v - 9 scrolls of amnesia
 B - 5 scrolls of enchant armour
 D - a scroll of holy word
 H - 5 scrolls of fog
 N - 4 scrolls of fear
 X - 2 scrolls of enchant weapon
Potions
 a - 6 potions of might
 b - 6 potions of ambrosia
 f - 8 potions of agility
 n - 6 potions of invisibility
 s - 2 potions of magic
 w - 2 potions of resistance
 x - 7 potions of brilliance
 z - 6 potions of haste
 C - 9 potions of curing
 E - 4 potions of cancellation
 I - 6 potions of heal wounds
 K - 3 potions of flight
 W - a potion of mutation
Comestibles
 c - 27 bread rations {@e1}
 p - 29 fruits
 A - 3 royal jellies


   Skills:
 - Level 13.1 Fighting
   Level 2.0 Maces & Flails
 + Level 11.1 Armour
 + Level 16.6 Dodging
 - Level 2.4 Stealth
 + Level 8.3 Shields
 - Level 20.0 Spellcasting
 - Level 19.6 Conjurations
 - Level 2.5 Translocations
 - Level 19.5 Fire Magic


You had 19 spell levels left.
You knew the following spells:

 Your Spells              Type           Power        Failure   Level  Hunger
a - Flame Tongue          Conj/Fire      #####        0%          1    None
b - Conjure Flame         Conj/Fire      ########     0%          3    None
c - Sticky Flame          Conj/Fire      ########     0%          4    None
d - Orb of Destruction    Conj           ########..   1%          7    None
e - Blink                 Tloc           N/A          1%          2    None
f - Fireball              Conj/Fire      ########..   0%          5    None
h - Bolt of Fire          Conj/Fire      ########..   1%          6    None
j - Fire Storm            Conj/Fire      ########..   3%          9    #####..
m - Regeneration          Chrm/Necr      #####.....   1%          3    None
n - Magic Dart            Conj           ####         0%          1    None


Dungeon Overview and Level Annotations

Branches:
Dungeon (15/15)            Temple (1/1) D:5            Lair (6/6) D:11
  Swamp (4/4) Lair:2       Spider (4/4) Lair:3        Slime (0/5) Lair:5
    Orc (2/2) D:12            Elf (0/3) Orc:2        Vaults (4/5) D:14
  Crypt (0/3) Vaults:2     Depths (4/5) D:15

Altars:
Ashenzari
Dithmenos
Elyvilon
Fedhas
Gozag
Hepliaklqana
Kikubaaqudgha
Makhleb
Okawaru
Qazlal
Ru
Sif Muna
Trog
Uskayaw
Vehumet
Wu Jian
Xom
Yredelemnul
Zin
The Shining One
Jiyva
Lugonu

Shops:
D:4 !   D:5 }   D:6 =   D:12 *   Orc:2 }=*[   Vaults:3 (   Depths:3 *

Portals:
Hell: Depths:1 Depths:2 Depths:3 Depths:4
Abyss: Depths:2 Depths:4
Pandemonium: Depths:1 Depths:3
Ziggurat: Depths:4

Annotations:
D:5 exclusion: orc priest
D:6 Prince Ribbit
D:14 Azrael


Innate Abilities, Weirdness & Mutations

You are partially covered in rugged brown scales. (AC +1, +3% HP)
You possess an exceptional clarity of mind.
Your mind is acute. (Int +2)
You expend magic power (3 MP) to strengthen your wands.


Message History

You regained 2 hp, and now have 82/132 hp.
Aim: a ynoxinul The bolt of fire hits the ynoxinul.
You kill the ynoxinul!
Vehumet accepts your kill.
You feel your power returning.
You regained 2 hp, and now have 84/132 hp.
You now have 8/56 mp.
A chorus of shrieks assaults your mind.
You take 5 damage, and have 79/132 hp.
A starcursed mass splits.
You regained 2 hp, and now have 82/132 hp.
An efreet comes into view. It is wielding a scimitar of flaming.
You regained 2 hp, and now have 84/132 hp.
A chorus of shrieks assaults your mind. The efreet gestures at you.
The fireball explodes!
The fireball engulfs you! You resist.
You hear a horrible gurgling sound!
You hear a hideous shriek!
You take 13 damage, and have 71/132 hp.
Okay, then.
Okay, then.

##.X##.#...#
# #...
#.##h#.#
#.#...#..#
#......##
....#.X#.# #
#X#..##
#.....
#..###.#
......#@# ##
.##......#
#.#..#...
..##.# ...#
##. ## ....#
. ##.R# ..ยง
...#


You could see 2 starcursed masses and an efreet.

Vanquished Creatures
  Saint Roka (Depths:2)
  A golden dragon (Depths:4)
  the Enchantress (Depths:2)
  Nikola (Spider:3)
  Arachne (Spider:3)
  2 bone dragons (Abyss:1)
  Rupert (D:14)
  2 tentacled monstrosities (Depths:3)
  Asterion (Vaults:3)
  A tentacled starspawn (Abyss:1)
  Gastronok (Lair:1)
  The ghost of Beneditct the Imperceptible, an adept SpEn of Dithmenos (Vaults:3)
  2 tengu reavers
  Donald (Spider:2)
  A shadow dragon (Depths:3)
  4 fire giants
  An iron dragon (Depths:4)
  4 frost giants
  A balrug (Depths:4)
  The ghost of glosham the Fencer, a journeyman BaAK of Lugonu (Orc:2)
  4 ghost moths
  2 deep elf sorcerers
  6 vault wardens
  3 emperor scorpions (Spider:4)
  A ghoul (Vaults:2)
  2 spriggan defenders (Depths:2)
  2 angels
  23 very ugly things
  5 caustic shrike skeletons (Depths:2)
  4 stone giants
  8 ironheart preservers
  3 entropy weavers
  A deep elf annihilator (Vaults:4)
  3 vampire knights
  A deep elf demonologist (Vaults:2)
  7 spark wasps
  A deep elf death mage (Vaults:4)
  The ghost of Kriby the Eclecticist, a journeyman DECj of Vehumet (Lair:6)
  Snorg (Orc:2)
  A crystal guardian (Vaults:3)
  6 ettins
  10 fire dragons
  A deep elf high priest (Depths:2)
  4 great orbs of eyes
  9 rakshasas
  6 yaktaur captains
  8 vault guards
  8 ice dragons
  7 spriggan air magi
  13 hydras
  A merfolk avatar (Lair:6)
  2 ghost crabs
  12 centaur warriors
  7 death knights
  7 ogre magi
  3 alligators
  The ghost of lupus83 the Sneak, a journeyman OpEn of Dithmenos (Lair:1)
  32 two-headed ogres
  5 deep troll shamans
  5 death yaks (Depths:2)
  2 deep troll earth magi (Depths:3)
  7 tengu warriors
  Urug (D:14)
  3 orc high priests (Orc:2)
  11 spriggan berserkers
  A soul eater (Vaults:2)
  A thrashing horror (Abyss:1)
  2 wretched stars (Abyss:1)
  2 sun demons (Depths:4)
  Sonja (Orc:2)
  5 deep elf knights
  A fire crab (shapeshifter) (Vaults:3)
  10 skeletal warriors
  An iron troll (Depths:3)
  A shadow wraith (Vaults:4)
  13 hell knights
  An unseen horror (Abyss:1)
  4 starcursed masses (Abyss:1)
  10 spriggan druids
  4 glowing orange brains
  7 deep trolls
  3 flayed ghosts
  2 phantasmal warriors (Depths:1)
  9 swamp dragons
  4 ironbrand convokers
  12 orc knights
  2 shambling mangroves
  5 wizards
  2 harpies (shapeshifter)
  2 deep elf archers (Vaults:4)
  3 large abominations (Abyss:1)
  15 orb spiders
  4 necromancers
  2 shining eyes
  5 orc sorcerers
  8 cyclopes
  41 ugly things
  A shining eye (shapeshifter) (Vaults:2)
  23 wolf spiders
  15 deep elf magi
  2 worldbinders (Abyss:1)
  3 moths of wrath
  4 black mambas
  A naga mage (D:15)
  14 elephants
  An elephant (shapeshifter) (Vaults:3)
  An orange demon (Abyss:1)
  8 vault sentinels
  2 gargoyles (D:13)
  A human skeleton (Vaults:1)
  3 ice statues (IceCv)
  13 spiny frogs
  2 eyes of devastation (Depths:4)
  Maurice (D:8)
  A torpor snail (Lair:5)
  A hellion (Depths:3)
  5 rime drakes
  7 demonic crawlers
  26 yaktaurs
  A kobold demonologist (D:13)
  A hellwing (Abyss:1)
  3 tengu conjurers
  6 freezing wraiths
  13 komodo dragons
  10 ice devils (IceCv)
  2 ancient zymes (Abyss:1)
  A komodo dragon (shapeshifter) (Vaults:1)
  9 trolls
  25 jumping spiders
  A harpy zombie (D:15)
  A merfolk (shapeshifter) (Vaults:3)
  34 hornets
  2 polar bears (Lair:6)
  2 red devils (Depths:3)
  7 tyrant leeches
  2 wind drakes (Lair:6)
  13 hippogriffs
  7 bog bodies
  A dream sheep (shapeshifter) (Depths:2)
  5 blink frogs
  2 meliai zombies
  15 dream sheep (Lair:6)
  A flying skull (Abyss:1)
  A shadow (Swamp:1)
  49 slime creatures
  9 wraiths
  A ynoxinul (Abyss:1)
  A spriggan (shapeshifter) (Depths:2)
  45 spriggans
  34 tarantellas
  A tarantella (shapeshifter) (Vaults:2)
  6 water elementals (Depths:3)
  51 redbacks
  6 small abominations (Abyss:1)
  36 yaks
  5 basilisks
  4 fire elementals
  4 hogs (D:9)
  3 wyverns
  16 humans
  2 steam dragons
  A golden eye (shapeshifter) (Vaults:4)
  4 hungry ghosts
  19 vampire mosquitoes
  5 wargs
  7 insubstantial wisps
  A human zombie (Vaults:1)
  3 hell hounds
  11 swamp worms
  An acid dragon (D:13)
  11 water moccasins
  9 porcupines
  2 floating eyes (Depths:4)
  4 ice beasts
  2 eyes of draining (shapeshifter)
  36 orc warriors
  4 sky beasts
  A hornet zombie (D:12)
  5 black bears
  A phantom (D:8)
  11 swamp drakes
  3 eyes of draining
  16 boggarts
  17 wolves
  28 ogres
  24 centaurs
  13 crocodiles
  5 big kobolds
  22 bullfrogs
  A gnoll sergeant (D:11)
  A wyvern skeleton (D:12)
  4 scorpions
  3 troll zombies (D:12)
  2 human simulacra
  6 killer bees
  7 wights
  7 howler monkeys
  7 crimson imps
  3 quasits
  2 draconian simulacra (IceCv)
  A bullfrog zombie (D:13)
  5 centaur skeletons
  4 centaur zombies
  22 orc priests
  3 bullfrog skeletons
  A gnoll shaman (Orc:2)
  6 hounds
  4 jellies
  22 orc wizards
  An iron imp (Abyss:1)
  Jessica (D:2)
  5 hell rats (Lair:6)
  3 iguanas
  2 troll simulacra (IceCv)
  4 worker ants
  A spriggan simulacrum (IceCv)
  5 ogre zombies (D:12)
  3 centaur simulacra
  2 hound zombies
  2 hound skeletons
  2 howler monkey zombies
  A worker ant zombie (D:5)
  11 gnolls
  13 adders
  2 naga simulacra (IceCv)
  An ogre simulacrum (IceCv)
  4 shadow imps
  12 white imps (Orc:1)
  An ufetubus (Abyss:1)
  2 oozes
  An adder zombie (D:9)
  An adder skeleton (D:5)
  A worm (D:3)
  4 dart slugs
  9 leopard geckos
  87 orcs
  A ball python (D:3)
  13 bats
  9 giant cockroaches
  10 goblins
  6 hobgoblins
  15 jackals
  32 kobolds
  4 quokkas
  5 frilled lizards
  2 goblin skeletons (D:12)
  A hobgoblin skeleton (D:12)
  2 hobgoblin zombies (D:12)
  A jackal skeleton (D:6)
  A jackal zombie (D:8)
  A leopard gecko skeleton (D:5)
  6 orc skeletons (D:12)
  15 orc zombies
  A quokka skeleton (D:7)
  11 rats
  2 crawling corpses (Vaults:4)
  4 plants (Lair:6)
1735 creatures vanquished.

Vanquished Creatures (collateral kills)
  A tentacled monstrosity (Abyss:1)
  An iron dragon (Depths:3)
  A caustic shrike skeleton (Depths:2)
  2 spriggan defenders (Depths:2)
  A very ugly thing (Depths:4)
  An ogre mage (Depths:3)
  An iron troll (Depths:3)
  A flayed ghost (Depths:3)
  An ugly thing (Depths:1)
  A jumping spider (Spider:4)
  A hornet (Depths:2)
  2 spriggans (Depths:2)
  A yak (Depths:2)
  A floating eye (Depths:4)
16 creatures vanquished.

Vanquished Creatures (others)
  A hydra (Swamp:4)
  A wolf spider zombie (D:14)
  An ugly thing (D:14)
  A boggart (Depths:2)
  2 bushes (Depths:2)
  192 fire vortices
  5 fungi
  14 plants
  14 starspawn tentacles (Abyss:1)
231 creatures vanquished.

Grand Total: 1982 creatures vanquished

Notes
Turn   | Place    | Note
-------+----------+-------------------------------------------
     0 | D:1      | Geomchi the Deep Elf Fire Elementalist began the quest for the Orb.
     0 | D:1      | Reached XP level 1. HP: 10/10 MP: 6/6
   134 | D:1      | Reached XP level 2. HP: 10/15 MP: 4/8
   491 | D:1      | Reached XP level 3. HP: 19/19 MP: 8/10
  1129 | D:2      | Found an opulent altar of Gozag.
  1152 | D:2      | Learned a level 3 spell: Conjure Flame
  1202 | D:2      | Reached skill level 4 in Spellcasting
  1297 | D:2      | Noticed Jessica
  1298 | D:2      | Killed Jessica
  1298 | D:2      | Reached XP level 4. HP: 24/24 MP: 10/12
  1306 | D:2      | Learned a level 4 spell: Sticky Flame
  2129 | D:3      | Reached XP level 5. HP: 28/28 MP: 9/13
  2435 | D:3      | Noticed a sky beast
  2451 | D:3      | Killed a sky beast
  2451 | D:3      | Reached skill level 5 in Spellcasting
  2451 | D:3      | Reached XP level 6. HP: 23/32 MP: 0/15
  2797 | D:3      | Reached skill level 5 in Conjurations
  3111 | D:4      | Reached skill level 5 in Fire Magic
  3214 | D:4      | Reached skill level 10 in Fighting
  3214 | D:4      | Reached XP level 7. HP: 26/53 MP: 6/16
  3912 | D:4      | Found Fufasonybir's Distillery.
  3920 | D:4      | Bought a potion of curing for 42 gold pieces
  4750 | D:5      | Entered Level 5 of the Dungeon
  4757 | D:5      | Learned a level 5 spell: Fireball
  4790 | D:5      | Found a white marble altar of Elyvilon.
  4843 | D:5      | Found a bloodstained altar of Trog.
  4854 | D:5      | Noticed a two-headed ogre
  5052 | D:5      | Reached XP level 8. HP: 42/58 MP: 7/18
  5150 | D:5      | Found Niomig's Gadget Boutique.
  5223 | D:5      | Killed a two-headed ogre
  5223 | D:5      | Reached skill level 6 in Spellcasting
  5379 | D:5      | Found a shattered altar of Ashenzari.
  5379 | D:5      | Found a basalt altar of Yredelemnul.
  5428 | D:5      | Found a hide-covered altar of Uskayaw.
  5436 | D:5      | Found a staircase to the Ecumenical Temple.
  5512 | Temple   | Entered the Ecumenical Temple
  6097 | D:5      | Noticed a dagger
  6438 | D:6      | Noticed Prince Ribbit
  6599 | D:6      | Reached XP level 9. HP: 59/63 MP: 20/20
  6804 | D:6      | Found a hide-covered altar of Uskayaw.
  6850 | D:6      | Found Umuifits's Jewellery Emporium.
  7400 | D:6      | Noticed an angel
  7401 | D:6      | Found a glowing silver altar of Zin.
  8247 | D:7      | Found a glowing golden altar of the Shining One.
  8325 | D:8      | Noticed Maurice
  8340 | D:8      | Killed Maurice
  8952 | D:8      | Found a shimmering altar of Xom.
  9206 | D:8      | Found a radiant altar of Vehumet.
  9209 | D:8      | Found an iron altar of Okawaru.
  9212 | D:8      | Found a deep blue altar of Sif Muna.
  9215 | D:8      | Found a burning altar of Makhleb.
  9256 | D:8      | Reached skill level 7 in Spellcasting
  9297 | D:8      | Became a worshipper of Vehumet
  9736 | D:9      | Found a bloodstained altar of Trog.
  9850 | D:9      | Reached XP level 10. HP: 51/68 MP: 15/23
 10365 | D:9      | Reached * piety under Vehumet
 10365 | D:9      | Offered knowledge of Magic Dart by Vehumet.
 10368 | D:9      | Learned a level 1 spell: Magic Dart
 10857 | D:9      | Reached skill level 8 in Spellcasting
 11048 | D:9      | Noticed a two-headed ogre
 11056 | D:9      | Killed a two-headed ogre
 11241 | D:9      | Reached ** piety under Vehumet
 11241 | D:9      | Offered knowledge of Freeze by Vehumet.
 11440 | D:10     | Entered Level 10 of the Dungeon
 11534 | D:10     | Noticed a two-headed ogre
 11539 | D:10     | Killed a two-headed ogre
 11539 | D:10     | Reached skill level 1 in Armour
 11818 | D:10     | Reached XP level 11. HP: 65/73 MP: 25/25
 12071 | D:10     | Noticed a wizard
 12075 | D:10     | Killed a wizard
 12075 | D:10     | Reached skill level 5 in Dodging
 12178 | D:10     | Reached skill level 1 in Maces & Flails
 12288 | D:10     | You fall through a shaft for 2 floors!
 12436 | D:12     | Noticed an eight-headed hydra
 12451 | D:12     | Killed an eight-headed hydra
 12451 | D:12     | Offered knowledge of Searing Ray by Vehumet.
 12595 | D:12     | Reached *** piety under Vehumet
 12710 | D:12     | Offered knowledge of Dazzling Spray by Vehumet.
 13098 | D:12     | Found a staircase to the Orcish Mines.
 13158 | D:12     | Found Ymutot's Assorted Antiques.
 13170 | D:12     | Bought a pitted scimitar for 180 gold pieces
 13170 | D:12     | Identified the +2 scimitar of Unreason {freeze, +Fly rF+ rC+ Str-4} (You bought it in a shop on level 12 of the Dungeon)
 13181 | D:11     | Reached **** piety under Vehumet
 13268 | D:11     | Noticed a two-headed ogre
 13277 | D:11     | Killed a two-headed ogre
 13342 | D:11     | Offered knowledge of Static Discharge by Vehumet.
 13362 | D:11     | Reached skill level 1 in Shields
 13609 | D:11     | Found a staircase to the Lair.
 13644 | D:11     | Noticed a two-headed ogre
 13653 | D:11     | Killed a two-headed ogre
 13990 | D:11     | Noticed a purple ugly thing
 14353 | D:10     | Reached XP level 12. HP: 61/78 MP: 17/26
 14800 | D:12     | Noticed a death knight
 14908 | Lair:1   | Entered Level 1 of the Lair of Beasts
 14923 | Lair:1   | Reached skill level 10 in Dodging
 14970 | Lair:1   | Noticed lupus83's ghost (journeyman OpEn)
 15003 | Lair:1   | Killed lupus83's ghost
 15187 | Lair:1   | Noticed a five-headed hydra
 15192 | Lair:1   | Killed a five-headed hydra
 15345 | Lair:1   | Noticed Gastronok
 15407 | Lair:1   | Reached skill level 5 in Armour
 15482 | Lair:1   | Reached ***** piety under Vehumet
 15719 | Lair:1   | Offered knowledge of Throw Icicle by Vehumet.
 15735 | Lair:1   | Killed Gastronok
 16155 | Lair:2   | Upgraded the game from 0.20-a0-751-g905781e to 0.20-a0-772-g73021bd
 16420 | Lair:2   | Gained mutation: You are agile. (Dex +2) [potion of mutation]
 16420 | Lair:2   | Gained mutation: You passively map a small area around you. [potion of mutation]
 16420 | Lair:2   | Gained mutation: You have a pair of small horns on your head. [potion of mutation]
 16919 | Lair:2   | Found a staircase to the Swamp.
 17624 | Lair:3   | Found a hole to the Spider Nest.
 17855 | Lair:3   | You fall through a shaft for 2 floors!
 17912 | Lair:5   | Reached XP level 13. HP: 83/83 MP: 24/27
 18566 | Lair:4   | Learned a level 2 spell: Blink
 19157 | Lair:5   | Reached skill level 1 in Translocations
 19349 | Lair:5   | Reached skill level 9 in Spellcasting
 19583 | Lair:5   | Found a viscous altar of Jiyva.
 19584 | Lair:5   | Found a staircase to the Slime Pits.
 19679 | Lair:5   | Offered knowledge of Bolt of Cold by Vehumet.
 19951 | Lair:5   | Reached skill level 10 in Conjurations
 19986 | Lair:5   | Got a dazzling battleaxe
 19997 | Lair:5   | Identified the +9 battleaxe of Numao {pain, rN+ Str+3} (You found it on level 5 of the Lair of Beasts)
 20196 | Lair:6   | Entered Level 6 of the Lair of Beasts
 20233 | Lair:6   | Reached skill level 10 in Fire Magic
 20340 | Lair:6   | Got a slimy trident
 20343 | Lair:6   | Identified the +5 trident "Teyq" {drain, Int+7 Stlth+} (You found it on level 6 of the Lair of Beasts)
 20770 | Lair:6   | Reached skill level 10 in Spellcasting
 21085 | Lair:6   | Noticed Kriby's ghost (journeyman DECj)
 21087 | Lair:6   | Killed Kriby's ghost
 21601 | Lair:6   | Reached XP level 14. HP: 88/88 MP: 29/30
 23014 | D:12     | Offered knowledge of Bolt of Fire by Vehumet.
 23030 | D:12     | Learned a level 6 spell: Bolt of Fire
 23427 | Orc:1    | Entered Level 1 of the Orcish Mines
 23427 | Orc:1    | Found a frozen archway.
 23684 | IceCv    | Entered an ice cave
 24401 | Orc:1    | Offered knowledge of Iron Shot by Vehumet.
 24898 | Orc:2    | Entered Level 2 of the Orcish Mines
 24908 | Orc:2    | Noticed Sonja
 24910 | Orc:2    | Killed Sonja
 25018 | Orc:2    | Noticed Snorg
 25022 | Orc:2    | Killed Snorg
 25235 | Orc:2    | Noticed glosham's ghost (journeyman BaAK)
 25650 | Orc:2    | Found a staircase to the Elven Halls.
 26521 | Orc:2    | Killed glosham's ghost
 26613 | Orc:2    | Offered knowledge of Conjure Ball Lightning by Vehumet.
 26792 | Orc:2    | Paralysed by an orc sorcerer for 6 turns
 26993 | Orc:2    | Found Ykufaal's Armour Boutique.
 26993 | Orc:2    | Found Xajixuydgh's General Store.
 26994 | Orc:2    | Found Tistrasche's Gadget Emporium.
 26995 | Orc:2    | Found Tiaraemi's Jewellery Emporium.
 27056 | Orc:2    | Bought an uncursed ring of poison resistance for 280 gold pieces
 27073 | Orc:2    | Bought a scroll of identify for 26 gold pieces
 27073 | Orc:2    | Lost mutation: You passively map a small area around you. [potion of mutation]
 27073 | Orc:2    | Lost mutation: You are agile. (Dex +2) [potion of mutation]
 27073 | Orc:2    | Lost mutation: You have a pair of small horns on your head. [potion of mutation]
 27073 | Orc:2    | Gained mutation: You are partially covered in iridescent scales. (AC +2) [potion of mutation]
 27073 | Orc:2    | Gained mutation: You are frail. (-10% HP) [potion of mutation]
 27073 | Orc:2    | Gained mutation: You evolve. [potion of mutation]
 27074 | Orc:2    | Lost mutation: You evolve. [potion of mutation]
 27074 | Orc:2    | Gained mutation: You tend to lose your temper in combat. [potion of mutation]
 27074 | Orc:2    | Gained mutation: Scrolls take you a little longer to read. [potion of mutation]
 27074 | Orc:2    | Lost mutation: Scrolls take you a little longer to read. [potion of mutation]
 27074 | Orc:2    | Gained mutation: Your mind is acute. (Int +2) [potion of mutation]
 27075 | Orc:2    | Lost mutation: Your mind is acute. (Int +2) [potion of mutation]
 27075 | Orc:2    | Lost mutation: You are partially covered in iridescent scales. (AC +2) [potion of mutation]
 27075 | Orc:2    | Lost mutation: You are frail. (-10% HP) [potion of mutation]
 27075 | Orc:2    | Lost mutation: You tend to lose your temper in combat. [potion of mutation]
 27075 | Orc:2    | Gained mutation: You are resistant to hostile enchantments. (MR+) [potion of mutation]
 27075 | Orc:2    | Gained mutation: Scrolls take you a little longer to read. [potion of mutation]
 27075 | Orc:2    | Gained mutation: You are highly resistant to hostile enchantments. (MR++) [potion of mutation]
 27075 | Orc:2    | Gained mutation: Your muscles are strong. (Str +2) [potion of mutation]
 27076 | Orc:2    | Lost mutation: Scrolls take you a little longer to read. [potion of mutation]
 27076 | Orc:2    | Lost mutation: Your muscles are strong. (Str +2) [potion of mutation]
 27076 | Orc:2    | Lost mutation: You are highly resistant to hostile enchantments. (MR++) [potion of mutation]
 27076 | Orc:2    | Gained mutation: Your spells are a little easier to cast, but a little less powerful. [potion of mutation]
 27076 | Orc:2    | Gained mutation: You possess an exceptional clarity of mind. [potion of mutation]
 27076 | Orc:2    | Gained mutation: You are partially covered in rugged brown scales. (AC +1, +3% HP) [potion of mutation]
 27077 | Orc:2    | Lost mutation: You are resistant to hostile enchantments. (MR+) [potion of mutation]
 27077 | Orc:2    | Lost mutation: Your spells are a little easier to cast, but a little less powerful. [potion of mutation]
 27077 | Orc:2    | Gained mutation: You have a pair of small horns on your head. [potion of mutation]
 27077 | Orc:2    | Lost mutation: You have a pair of small horns on your head. [potion of mutation]
 27077 | Orc:2    | Gained mutation: Your mind is acute. (Int +2) [potion of mutation]
 27162 | D:12     | Upgraded the game from 0.20-a0-772-g73021bd to 0.20-a0-788-g5cc1a67
 27278 | D:13     | Reached skill level 11 in Spellcasting
 27684 | D:13     | Reached XP level 15. HP: 100/100 MP: 32/32
 28181 | D:14     | Found a gate to the Vaults.
 28181 | D:14     | Noticed Rupert
 28181 | D:14     | Noticed Urug
 28181 | D:14     | Noticed Azrael
 28282 | D:14     | Learned a level 3 spell: Regeneration
 28679 | D:14     | Killed Urug
 28826 | D:14     | Paralysed by Rupert for 5 turns
 28831 | D:14     | Killed Rupert
 28831 | D:14     | Reached skill level 12 in Spellcasting
 28834 | D:14     | Reached ****** piety under Vehumet
 29456 | D:13     | Offered knowledge of Orb of Destruction by Vehumet.
 29467 | D:13     | Learned a level 7 spell: Orb of Destruction
 30173 | D:15     | Entered Level 15 of the Dungeon
 31081 | D:15     | Offered knowledge of Spellforged Servitor by Vehumet.
 31675 | D:15     | Found a staircase to the Depths.
 32074 | Swamp:1  | Entered Level 1 of the Swamp
 32156 | Swamp:1  | Got a twisted rapier
 32167 | Swamp:1  | Identified the cursed +2 rapier of a sewer {freeze, rC+++ MR+++ Int-3 Dex-3} (You found it on level 1 of the Swamp)
 32701 | Swamp:1  | Reached XP level 16. HP: 107/107 MP: 21/34
 33548 | Swamp:2  | Reached skill level 13 in Spellcasting
 34656 | Swamp:4  | Entered Level 4 of the Swamp
 34735 | Swamp:4  | Offered knowledge of Fire Storm by Vehumet.
 34735 | Swamp:4  | Offered knowledge of Glaciate by Vehumet.
 34735 | Swamp:4  | Offered knowledge of Chain Lightning by Vehumet.
 35087 | Swamp:4  | Reached skill level 14 in Spellcasting
 35458 | Swamp:4  | Got a decaying rune of Zot
 36515 | Vaults:1 | Entered Level 1 of the Vaults
 37572 | Vaults:1 | Reached XP level 17. HP: 111/111 MP: 34/37
 37573 | Vaults:1 | Reached skill level 15 in Spellcasting
 37889 | Vaults:1 | Got a slimy longbow
 37890 | Vaults:1 | Identified the +7 longbow "Xojes" {venom, *Slow +Blink rF- Dex+8} (You found it on level 1 of the Vaults)
 39017 | Vaults:2 | Found a staircase to the Crypt.
 39355 | Vaults:2 | Reached skill level 15 in Conjurations
 39356 | Vaults:2 | Reached skill level 16 in Spellcasting
 39357 | Vaults:2 | Reached skill level 15 in Fire Magic
 39544 | Vaults:2 | Gained mutation: You expend magic power (3 MP) to strengthen your wands. [a shining eye]
 40555 | Vaults:3 | Noticed Beneditct's ghost (adept SpEn)
 40560 | Vaults:3 | Killed Beneditct's ghost
 40560 | Vaults:3 | Reached skill level 17 in Spellcasting
 40560 | Vaults:3 | Reached XP level 18. HP: 117/117 MP: 24/41
 40985 | Vaults:3 | Found Alukap's Weapon Emporium.
 41414 | Vaults:3 | Noticed Asterion
 41417 | Vaults:3 | Killed Asterion
 43709 | Spider:1 | Entered Level 1 of the Spider Nest
 45084 | Spider:2 | Noticed Donald
 45095 | Spider:2 | Killed Donald
 45316 | Spider:2 | Learned a level 9 spell: Fire Storm
 45751 | Spider:3 | Reached XP level 19. HP: 122/122 MP: 34/42
 46338 | Spider:3 | Noticed Nikola
 46341 | Spider:3 | Killed Nikola
 46372 | Spider:3 | Noticed Arachne
 46377 | Spider:3 | Killed Arachne
 46624 | Spider:4 | Entered Level 4 of the Spider Nest
 47967 | Spider:4 | Got a gossamer rune of Zot
 48378 | Depths:1 | Entered Level 1 of the Depths
 48974 | Depths:1 | Found a one-way gate leading to the halls of Pandemonium.
 49037 | Depths:1 | Found a gateway to Hell.
 49326 | Depths:2 | Reached skill level 18 in Spellcasting
 49432 | Depths:2 | Upgraded the game from 0.20-a0-788-g5cc1a67 to 0.20-a0-958-g783e32d
 49592 | Depths:2 | Reached XP level 20. HP: 127/127 MP: 40/44
 49753 | Depths:2 | Upgraded the game from 0.20-a0-958-g783e32d to 0.20-a0-983-g35de22d
 49941 | Depths:2 | Found a one-way gate to the infinite horrors of the Abyss.
 50501 | Depths:2 | Found a bloodstained altar of Trog.
 50591 | Depths:2 | Noticed Saint Roka
 50592 | Depths:2 | Reached skill level 19 in Spellcasting
 50602 | Depths:2 | Killed Saint Roka
 51072 | Depths:2 | Noticed the Enchantress
 51074 | Depths:2 | Killed the Enchantress
 52480 | Depths:3 | Reached skill level 5 in Shields
 52529 | Depths:3 | Reached skill level 20 in Spellcasting
 52702 | Depths:3 | Reached XP level 21. HP: 119/132 MP: 28/47
 52766 | Depths:3 | Found Odwuf's Demolitions Depot.
 53151 | Depths:3 | Reached skill level 15 in Dodging
 53418 | Depths:4 | Noticed a golden dragon
 53420 | Depths:4 | Killed a golden dragon
 53824 | Depths:4 | Reached skill level 10 in Armour
 54359 | Depths:4 | Found a gateway to a ziggurat.
 54803 | Depths:4 | Found a shimmering altar of Xom.
 55252 | Depths:4 | Found a glowing golden altar of the Shining One.
 55448 | Depths:4 | Upgraded the game from 0.20-a0-983-g35de22d to 0.21-a0-19-g210df22
 55458 | Depths:4 | Voluntarily entered the Abyss.
 55947 | Depths:4 | Escaped the Abyss
 56036 | Depths:4 | Upgraded the game from 0.21-a0-19-g210df22 to 0.21-a0-113-g6841d05
 56037 | Depths:4 | Voluntarily entered the Abyss.
 56385 | Abyss:1  | Quit the game

Vault maps used:
D:1:      lightli_arrival_quake, minmay_nonomino_d4
D:2:      grunt_gozag_statues, uniq_jessica
D:3:      minmay_wonky_spiral
D:4:      gup_sewer_entry_spiral, serial_shops,
          nicolae_shop_temple_entry_statues_fountains, grunt_ministairs_6,
          eino_curves_01
D:5:      lemuel_round_altar, overflow_temple_1_default,
          dancing_weapons_uskayaw, chequers_temple_overflow_statue_of_worship,
          temple_fountains, serial_shops, shop, first_bread
D:6:      zin_angel, basic_altar, serial_shops, shop_fountains,
          uniq_prince_ribbit1
D:7:      marbit_many_paths
D:8:      lemuel_doored_altar, grunt_temple_overflow_cloverleaf, uniq_maurice
D:9:      nicolae_overflow_hidden_temple, grunt_livestock, grunt_ministairs_9,
          minivault_19, bloody_trog
D:11:     lair_entry_dummy
D:12:     zombieorc2_lemuel, serial_shops, nicolae_shop_overgrown_old_shop
D:14:     david_vaults_3, interstate_on_off, hangedman_decor_growths,
          uniq_azrael
D:15:     grunt_enter_depths_magical_seal, special_room
Temple:   kb_corrupted_temple
Lair:1:   lemuel_fruit_tree, serial_bayou_shore_a, grunt_megastairs_3,
          infiniplex_staircase_pool, uniq_gastronok
Lair:2:   swamp_mist, lemuel_fruit_fields
Lair:3:   nicolae_spider_entry_tight_spaces
Lair:5:   dragon1_lemuel, slime_altar_1
Lair:6:   gammafunk_lair_ancient_temple
Swamp:1:  evilmike_swamp_ruin_rubble_2
Swamp:2:  evilmike_swamp_ruin_house_6, swamp_pool1
Swamp:3:  nicolae_swamp_trees_clearing
Swamp:4:  swamp_alternative, hangedman_swamp_blocks, infiniplex_staircase_pool_2
Spider:2: uniq_donald
Spider:3: uniq_arachne, uniq_nikola
Spider:4: spider_rune_water
Orc:1:    portal_ice_cave_entry_imps
Orc:2:    st_orc_elflike, nicolae_orc_tapped_out, uniq_snorg, uniq_sonja
Vaults:1: v_alt_pattern_1, v_pattern_3, v_misc_14, ontoclasm_vaults_ligature,
          vaults_dpeg_cross
Vaults:2: v_misc_12, blue_anna_dwarven_crypt, nicolae_vaults_circle_grid_b,
          hangedman_vaults_stream, st_lattice, ontoclasm_vaults_idyll,
          ontoclasm_vaults_spin, hangedman_vaults_variations, v_misc_17
Vaults:3: grunt_vaults_swirl, grunt_vaults_hallway_short, v_alt_pattern_1,
          vaults_room_corners, vaults_room_pools, grunt_vaults_hallway_long,
          serial_shops, nicolae_shop_crystal, uniq_asterion
Vaults:4: v_misc_16, vaults_room_fours, v_misc_3, ontoclasm_vaults_shuriken,
          ontoclasm_vaults_hangar, v_misc_4, v_rooms_4,
          nicolae_vaults_hallways_thing, dpeg_vaults_monster_row, v_misc_5,
          nicolae_vaults_circle_grid_a, nicolae_vaults_circle_grid_a
Depths:1: pf_hell_entry_tar_spiral, pan_entry, minmay_misc_feat_chi,
          minmay_tree_intersection, minmay_guarded_unrand_wrath_of_trog
Depths:2: spriggan_forest, abyss_entry, hell_entry, uniq_saint_roka
Depths:3: minmay_expanding_squares, hellmouth_1, pan_entry,
          nicolae_blasting_shop
Depths:4: abrahamwl_protected_by_tso_3, enter_ziggurat_c, lemuel_statue_altar,
          serial_sigils, serial_sigils_hangedman_gut,
          serial_sigils_hangedman_clutch, serial_sigils_hangedman_shear,
          serial_sigils_hangedman_gnaw, hangedman_abyss_entry_splay,
          lightli_too_deep, minivault_22, roderic_serpentine_path,
          serial_bayou_pond_d
Abyss:1:  hangedman_abyss_monster_moat
IceCv:    ice_cave_tombish

Skill      XL: |  1  2  3  4  5  6  7  8  9 10 11 12 13 14 15 16 17 18 19 20 21 |
---------------+----------------------------------------------------------------+-----
Conjurations   | 2 3 4 5 6 7 9 11 12 14 15 17 19 | 19.6
Spellcasting   | 4 5 6 7 8 10 11 12 14 17 18 20 | 20.0
Fire Magic     | 4 5 6 7 9 11 12 14 15 17 19 | 19.5
Fighting       | 10 13 | 13.1
Dodging        | 4 9 12 13 14 16 | 16.6
Armour         | 1 4 6 8 9 11 | 11.1
Maces & Flails | 2 |  2.0
Shields        | 2 4 5 8 |  8.3
Translocations | 2 |  2.5
Stealth        | |  2.4

Action                   |  1- 3 |  4- 6 |  7- 9 | 10-12 | 13-15 | 16-18 | 19-21 || total
-------------------------+-------+-------+-------+-------+-------+-------+-------++-------
Melee: Whip              |     3 |    11 |    25 |    31 |       |       |       ||    70
       Headbutt          |       |       |       |     1 |     3 |       |       ||     4
       Scimitar          |       |       |       |     1 |    25 |       |       ||    26
       Staff             |       |       |       |       |    23 |     5 |     6 ||    34
       Trident           |       |       |       |       |     9 |       |       ||     9
 Cast: Flame Tongue      |    64 |   102 |   224 |   516 |   299 |    12 |     5 ||  1222
       Sticky Flame      |       |     3 |    16 |    65 |    69 |    21 |     1 ||   175
       Conjure Flame     |       |       |     6 |     8 |       |       |       ||    14
       Fireball          |       |       |     1 |    88 |   285 |   178 |    54 ||   606
       Magic Dart        |       |       |       |    40 |    50 |     1 |     7 ||    98
       Blink             |       |       |       |       |    10 |     2 |     5 ||    17
       Bolt of Fire      |       |       |       |       |   257 |   332 |   289 ||   878
       Orb of Destructio |       |       |       |       |     9 |    58 |    59 ||   126
       Regeneration      |       |       |       |       |     7 |     3 |     4 ||    14
       Fire Storm        |       |       |       |       |       |       |   129 ||   129
Evoke: Wand              |       |       |       |       |     1 |     2 |     4 ||     7
       Sack of spiders   |       |       |       |       |       |     3 |       ||     3
  Use: Scroll            |       |     5 |    13 |     7 |    12 |     9 |    11 ||    57
       Potion            |       |     2 |       |     4 |     5 |       |       ||    11
  Eat: Chunk             |     1 |     6 |     7 |    39 |    92 |    47 |    36 ||   228
       Meat ration       |       |       |     1 |     1 |     3 |     2 |     5 ||    12
       Royal jelly       |       |       |     1 |       |     7 |     3 |     6 ||    17
       Fruit             |       |       |     3 |       |     1 |     1 |     3 ||     8
       Bread ration      |       |       |     1 |       |       |       |       ||     1
Armor: Robe              |     4 |    14 |    22 |    28 |       |       |       ||    68
       Skin              |       |     5 |    26 |    36 |       |       |       ||    67
       Troll leather arm |       |       |       |    40 |    57 |    22 |    36 ||   155
Dodge: Dodged            |    18 |    48 |    71 |   182 |   270 |   108 |   223 ||   920
Block: Buckler           |       |       |       |    44 |    69 |    22 |    55 ||   190
       Rpst.: Scimitar   |       |       |       |     5 |    11 |       |       ||    16
